 Dungeon Crawl Stone Soup version 0.18.1-48-g4cf74bf (webtiles) character file.

181 Gargoyl the Skirmisher (level 5, -4/42 HPs)
             Began as a Demonspawn Abyssal Knight on Aug 24, 2016.
             Was a Believer of Lugonu.
             Slain by a water moccasin (6 damage)
             ... on level 4 of the Dungeon.
             The game lasted 00:06:43 (2605 turns).

Gargoyl the Skirmisher (Demonspawn Abyssal Knight)  Turns: 2605, Time: 00:06:43

Health: -4/42      AC:  8    Str: 13    XL:     5   Next: 34%
Magic:  7/7        EV: 12    Int: 16    God:    Lugonu [**....]
Gold:   162        SH:  0    Dex: 12    Spells: 0 memorised, 4 levels left

rFire  + . .     SeeInvis .     a - +1 hand axe
rCold  . . .     Gourm    .     j - +2 scale mail {rF+}
rNeg   . . .     Faith    .     (no shield)
rPois  .         Spirit   .     (no helmet)
rElec  .         Dismiss  .     (no cloak)
rCorr  .         Reflect  .     (no gloves)
SustAt .         Harm     .     (no boots)
MR     .....     Clarity  +     (no amulet)
Stlth  ..........               (no ring)
                                (no ring)

@: lethally poisoned (-4 -> -36), not resistant to hostile enchantments,
extremely unstealthy
A: hooves 2, repulsion field 2, clarity, clever 1, mutation resistance 1
a: Depart the Abyss, Bend Space, Renounce Religion


You were on level 4 of the Dungeon.
You worshipped Lugonu.
Lugonu was pleased with you.
You were very hungry.

You visited 1 branch of the dungeon, and saw 4 of its levels.
You visited the Abyss 1 time.

You collected 162 gold pieces.

Inventory:

Hand Weapons
 a - a +1 hand axe (weapon)
Armour
 j - a +2 scale mail of fire resistance (worn)
Wands
 g - a wand of lightning (0/15)
Scrolls
 b - a scroll of identify {unknown}
 d - a scroll of teleportation {unknown}
 e - 2 scrolls of recharging {unknown}
 h - a scroll of remove curse
Potions
 i - 2 potions of heal wounds {unknown}
Comestibles
 c - 3 bread rations
 f - a meat ration
 k - 2 fruits


   Skills:
 + Level 4.1 Fighting
 + Level 2.4 Axes
 * Level 3.4 Armour
 + Level 1.7 Dodging
 + Level 0.4 Stealth
 + Level 2.7 Invocations


You had 4 spell levels left.
You didn't know any spells.

Dungeon Overview and Level Annotations

Branches:
Dungeon (4/15)
 Temple: D:4-7

Altars:
Nemelex Xobeh
Okawaru
Pakellas
Ru


Innate Abilities, Weirdness & Mutations

You have hoof-like feet.
You are surrounded by a moderate repulsion field (EV +3).
You possess an exceptional clarity of mind.
Your mind is acute. (Int +2)
You are somewhat resistant to further mutation.


Message History

You miss the water moccasin.
The water moccasin is severely wounded.
The water moccasin bites you but does no damage.
The water moccasin bites you!
You are lethally poisoned!
The water moccasin poisons you!
You hit the water moccasin. Your kick misses the water moccasin.
The water moccasin is almost dead.
You feel very sick. The water moccasin bites you.
* * * LOW HITPOINT WARNING * * *
You barely miss the water moccasin.
You kick the water moccasin, but do no damage.
The water moccasin is almost dead.
* * * LOW HITPOINT WARNING * * *
You feel sick. The water moccasin bites you!
* * * LOW HITPOINT WARNING * * *
You are more poisoned.
The water moccasin poisons you! The water moccasin bites you.
You die...

# ####.# .. #@S..#
... #.#### #..#.#
#.# #..#.# #.#
..#.# #.# #.#.#
#.#
###.#.##########.#
.................#
..#.#.############


You could see a water moccasin.

Vanquished Creatures
  A giant frog zombie (D:4)
  An orc priest (D:2)
  An orc wizard (D:3)
  Terence (D:3)
  An adder (D:2)
  A dart slug (D:1)
  2 giant geckos (D:2)
  4 orcs
  A giant cockroach (D:4)
  5 goblins
  4 hobgoblins
  9 jackals
  4 quokkas
  3 bats
  3 giant newts
  A kobold (D:1)
  8 rats
50 creatures vanquished.

Notes
Turn   | Place    | Note
--------------------------------------------------------------
     0 | Abyss:1  | Gargoyl the Demonspawn Abyssal Knight began the quest for the Orb.
     0 | Abyss:1  | Reached XP level 1. HP: 18/18 MP: 2/2
    75 | Abyss:1  | Noticed a quasit
    91 | Abyss:1  | Noticed a deep elf demonologist
    95 | D:1      | Escaped the Abyss
    98 | D:1      | Noticed a gargoyle
    98 | D:1      | Noticed a felid
   100 | D:1      | Noticed a human
   100 | D:1      | Noticed a dwarf
   102 | D:1      | Noticed a merfolk
   104 | D:1      | Noticed an elf
   104 | D:1      | Noticed a vine stalker
   107 | D:1      | Noticed a ghoul
   107 | D:1      | Noticed a demonspawn
   109 | D:1      | Noticed a centaur
   109 | D:1      | Noticed a naga
   111 | D:1      | Noticed a spriggan
   111 | D:1      | Noticed an octopode
   113 | D:1      | Noticed a demigod
   113 | D:1      | Noticed a troll
   115 | D:1      | Noticed a vampire
   115 | D:1      | Noticed a halfling
   117 | D:1      | Noticed an ogre
   117 | D:1      | Noticed a draconian
   119 | D:1      | Noticed a tengu
   121 | D:1      | Noticed a minotaur
   123 | D:1      | Noticed a formicid
   376 | D:1      | Reached * piety under Lugonu
   406 | D:1      | Gained mutation: You have large cloven feet. [demonic ancestry]
   406 | D:1      | Reached XP level 2. HP: 24/24 MP: 4/4
   421 | D:1      | You fall through a shaft!
   525 | D:2      | Reached skill level 1 in Dodging
   689 | D:2      | Gained mutation: You are surrounded by a mild repulsion field (EV +2). [demonic ancestry]
   689 | D:2      | Reached XP level 3. HP: 3/29 MP: 5/5
   698 | D:2      | HP: 1/29 [poisoned by an adder]
   699 | D:2      | Gained mutation: You are somewhat resistant to further mutation. [potion of mutation]
   699 | D:2      | Gained mutation: You possess an exceptional clarity of mind. [potion of mutation]
   699 | D:2      | Gained mutation: Your mind is acute. (Int +2) [potion of mutation]
  1644 | D:2      | Reached ** piety under Lugonu
  1716 | D:2      | Gained mutation: You are surrounded by a moderate repulsion field (EV +3). [demonic ancestry]
  1716 | D:2      | Reached XP level 4. HP: 23/37 MP: 6/6
  1841 | D:3      | Reached skill level 4 in Fighting
  2032 | D:3      | Found an iron altar of Okawaru.
  2100 | D:3      | Found an oddly glowing altar of Pakellas.
  2101 | D:3      | Noticed Terence
  2142 | D:3      | Killed Terence
  2142 | D:3      | Gained mutation: You have hoof-like feet. [demonic ancestry]
  2142 | D:3      | Reached XP level 5. HP: 23/42 MP: 7/7
  2273 | D:3      | Found a sparkling altar of Nemelex Xobeh.
  2358 | D:3      | Found a sacrificial altar of Ru.
  2595 | D:4      | Noticed a water moccasin
  2605 | D:4      | HP: 2/42 [water moccasin (8)]
  2605 | D:4      | Slain by a water moccasin

Skill      XL: |  1  2  3  4 |
---------------+-------------+-----
Axes           | 2 |  2.4
Dodging        | 1 |  1.7
Armour         | 2 3 |  3.4
Fighting       | 4 |  4.1
Stealth        | |  0.4
Invocations    | |  2.7

Action                   |  1- 3 |  4- 6 || total
-------------------------+-------+-------++-------
Melee: Hand axe          |   126 |    95 ||   221
       Kick              |    18 |    19 ||    37
Invok: Depart the Abyss  |     1 |       ||     1
Evoke: Wand              |       |     2 ||     2
  Use: Potion            |     6 |       ||     6
       Scroll            |     1 |       ||     1
 Stab: Invisible         |     1 |       ||     1
  Eat: Chunk             |     3 |     2 ||     5
Armor: Ring mail         |    17 |       ||    17
       Scale mail        |    41 |    39 ||    80
Dodge: Dodged            |    79 |    71 ||   150
